 Dungeon Crawl Stone Soup version 0.31-a0-1163-gcee99d1eea (webtiles) character file.

Game seed: 6280834110849259143

430 drugrobin the Cudgeller (level 6, -1/50 HPs)
             Began as a Demigod Delver on Dec 9, 2023.
             Slain by an ufetubus (3 damage)
             ... on level 4 of the Dungeon.
             The game lasted 00:10:43 (3262 turns).

drugrobin the Cudgeller (Demigod Delver)            Turns: 3262, Time: 00:10:46

Health: -1/50      AC:  6    Str: 21    XL:     6   Next: 38%
Magic:  8/8        EV: 10    Int: 12    God:
Gold:   132        SH:  4    Dex: 15    Spells: 2/5 levels left

rFire   . . .        b - +2 flail (holy)
rCold   . . .        i - +0 buckler
rNeg    . . .        B - +0 scale mail
rPois   .            (no helmet)
rElec   .            (no cloak)
rCorr   .            (no gloves)
SInv    .            (no boots)
Will    .....        l - amulet of magic regeneration
Stlth   +            (no ring)
HPRegen 0.28/turn    (no ring)
MPRegen 0.51/turn

%: no passive effects
@: no status effects
A: high MP 1, forlorn, divine attributes
a: no special abilities


You were on level 4 of the Dungeon.
You visited 1 branch of the dungeon, and saw 5 of its levels.

You collected 132 gold pieces.

Inventory:

Hand Weapons
 a - a +0 flail of draining
 b - a +2 flail of holy wrath (weapon)
 y - a +0 mace
Missiles
 j - 7 boomerangs (quivered)
 p - a throwing net
 D - 7 poisoned darts
Armour
 i - a +0 buckler (worn)
 v - a +0 ring mail
 B - a +0 scale mail (worn)
 E - a +0 leather armour
Magical Staves
 h - a staff of cold
Jewellery
 l - an amulet of magic regeneration (around neck)
Talismans
 n - a beast talisman
Wands
 g - a wand of digging (2)
Scrolls
 c - 2 scrolls of fog
 d - a scroll of revelation
 e - 2 scrolls of fear
 k - a scroll of vulnerability {unknown}
 m - 3 scrolls of noise {unknown}
 o - 3 scrolls of identify {unknown}
 r - a scroll of poison {unknown}
 t - a scroll of blinking {unknown}
 w - 2 scrolls of amnesia {unknown}
Potions
 f - a potion of haste
 q - a potion of resistance {unknown}
 s - a potion of berserk rage {unknown}
 u - a potion of attraction {unknown}
 x - a potion of heal wounds {unknown}
 z - a potion of might {unknown}
 A - a potion of magic {unknown}
 C - 2 potions of curing


   Skills:
 - Level 2.6 Fighting
 + Level 6.6 Maces & Flails
 - Level 1.7 Dodging
 - Level 4.5 Stealth


You had 2 spell levels left.
You knew the following spells:

 Your Spells              Type           Power      Damage    Failure   Level
a - Magic Dart            Conj           0%         1d3       77%         1
b - Call Imp              Summ           0%         N/A       88%         2

Your spell library contained the following spells:

 Spells                   Type           Power      Damage    Failure   Level
 Gell's Gravitas          Tloc           0%         N/A       98%         3
 Ignite Poison            Fire/Tmut/Pois 0%         N/A       98%         3
 Mephitic Cloud           Conj/Pois/Air  0%         N/A       98%         3
 Teleport Other           Tloc           0%         N/A       98%         3
 Sticky Flame             Conj/Fire      0%         2d3       100%        4
 Dispersal                Tloc           0%         N/A       100%        6
 Ignition                 Fire           0%         3d3       100%        8


Dungeon Overview and Level Annotations

Branches:
Dungeon (5/15)
 Temple: D:4-7

Shops:
D:4 :

Annotations:
D:4 exclusions: howler monkey and iguana
D:5 exclusion: orc


Innate Abilities, Weirdness & Mutations

You have an increased reservoir of magic. (+10% MP)
You shall have no god before yourself.
Your divine heritage dramatically boosts your attributes as you level up.


Message History

You sock the ufetubus!
The ufetubus is severely wounded.
The ufetubus closely misses you. The ufetubus barely misses you.
The ufetubus slips past you! You block the ufetubus's attack.
The ufetubus closely misses you.
The ufetubus hits you but does no damage. x2
The ufetubus hits you.
* * * LOW HITPOINT WARNING * * *
The ufetubus hits you.
* * * LOW HITPOINT WARNING * * *
Unknown command.
Unknown command.
Unknown command.
Your +2 flail of holy wrath softly glows with a divine radiance!
b - a +2 flail of holy wrath (weapon)
You block the ufetubus's attack. The ufetubus barely misses you.
The ufetubus hits you but does no damage. x2
Unknown command.
Unknown command.
The ufetubus attacks as it pursues you! The ufetubus barely misses you.
The ufetubus closely misses you. The ufetubus slips past you!
The ufetubus closely misses you. The ufetubus barely misses you.
Unknown command.
Unknown command.
You closely miss the ufetubus.
The ufetubus is severely wounded.
You block the ufetubus's attack. The ufetubus hits you.
* * * LOW HITPOINT WARNING * * *
The ufetubus closely misses you.
The ufetubus hits you but does no damage.
The ufetubus misses you. The ufetubus hits you.
* * * LOW HITPOINT WARNING * * *
Unknown command.
You closely miss the ufetubus.
The ufetubus is severely wounded.
The ufetubus hits you but does no damage.
The ufetubus hits you.
* * * LOW HITPOINT WARNING * * *
You block the ufetubus's attack. The ufetubus hits you.
You die...

##.......## ##.....#
#.........# ###......#
#.........###...>....#
#.........##..##.....#
.............###.#####
#..........#####.##.#
#.........##....5...#
.#.....#.##.####.#.#
.##.. ######..@5.#
##.#)# .>#.# #.>5####
#..#.# ...# ###..##
##.##.# #..# ##.....#
##Y....# #..# #..##.##
#S..#### #..# #.# #.#
###5#.# ###..####.#...#
#...#.#
..........#.######.###.#
#####.......# ##...# #.#


You could see 2 ufetubi.

Vanquished Creatures
  A sky beast (D:4)
  A black bear (D:3)
  A phantom (D:4)
  4 gnolls (D:3)
  4 adders
  A shadow imp (D:5)
  2 worms (D:2)
  3 dart slugs
  An orc (D:3)
  9 endoplasms
  6 giant cockroaches
  8 hobgoblins
  2 quokkas (D:3)
  11 ball pythons
  8 bats
  3 frilled lizards
  7 goblins
  9 kobolds
  4 rats
85 creatures vanquished.

Notes
Turn   | Place    | Note
-------+----------+-------------------------------------------
     0 | D:5      | drugrobin the Demigod Delver began the quest for the Orb.
     0 | D:5      | Reached XP level 1. HP: 18/18 MP: 3/3
   101 | D:4      | Reached skill level 2 in Maces & Flails
   120 | D:4      | Found Kedearch's Book Shoppe.
   120 | D:4      | Noticed an iguana
   129 | D:4      | Noticed a phantom
   153 | D:4      | Noticed an iguana
   256 | D:5      | Noticed a hound
   268 | D:5      | Reached XP level 2. HP: 13/25 MP: 4/4
   339 | D:4      | Noticed a howler monkey
   511 | D:1      | Reached skill level 3 in Maces & Flails
   902 | D:1      | Reached XP level 3. HP: 30/30 MP: 5/5
  1691 | D:2      | Learned a level 1 spell: Magic Dart
  1817 | D:2      | Reached skill level 4 in Maces & Flails
  2088 | D:2      | Reached XP level 4. HP: 16/37 MP: 6/6
  2325 | D:3      | Learned a level 2 spell: Call Imp
  2411 | D:3      | Noticed a black bear
  2449 | D:3      | Killed a black bear
  2450 | D:3      | Reached skill level 5 in Maces & Flails
  2450 | D:3      | Reached XP level 5. HP: 7/42 MP: 7/7
  3139 | D:4      | Reached skill level 6 in Maces & Flails
  3139 | D:4      | Reached XP level 6. HP: 40/50 MP: 8/8
  3262 | D:4      | HP: 2/50 [ufetubus (3)]
  3262 | D:4      | Slain by an ufetubus

Illustrated notes

Levels and vault maps discovered:
D:1:      amcnicky_arrival_blooded_trapdoor, layout_basic
D:2:      layout_basic, hangedman_decor_push, minmay_pentomino_o4
D:3:      layout_rooms, st_stairs_7
D:4:      layout_rooms, nicolae_qazlal_beasts_of_the_sky, serial_shops, shop
D:5:      layout_cave_pools, pf_just_have_faith,
          minmay_temple_entry_statues_pillars, gammafunk_ghost_split,
          serial_shops, shop, grunt_tough_drop

Skill      XL: |  1  2  3  4  5 |
---------------+----------------+-----
Maces & Flails | 2 3 4 5 6 |  6.6
Fighting       | |  2.6
Dodging        | |  1.7
Stealth        | |  4.5

Action                     |  1- 3 |  4- 6 || total
---------------------------+-------+-------++-------
  Melee: Mace              |   156 |    52 ||   208
         Flail             |       |    60 ||    60
  Throw: Boomerang         |     3 |    19 ||    22
   Cast: Magic Dart        |     1 |     3 ||     4
         Call Imp          |       |     2 ||     2
  Evoke: Wand              |     1 |       ||     1
    Use: Potion            |     1 |       ||     1
   Stab: Sleeping          |    10 |       ||    10
 Armour: Leather armour    |    90 |    51 ||   141
         Scale mail        |       |    49 ||    49
  Dodge: Dodged            |    64 |    74 ||   138
  Block: Buckler           |    16 |    29 ||    45

Table legend: (Time is in decaauts)
 A = Elapsed time spent in this place.
 B = Non-inter-level travel time spent in this place.
 C = Inter-level travel time spent in this place.
 D = Time resting spent in this place.
 E = Time spent auto-exploring this place.
 F = Levels seen in this place.
 G = Mean time per level.
                   A        B        C        D        E       F      G
               +--------+--------+--------+--------+--------+-----+--------+
         Total |   3330 |   3176 |    154 |    377 |   1572 |   5 |  666.0 |
       Dungeon |   3330 |   3176 |    154 |    377 |   1572 |   5 |  666.0 |
               +--------+--------+--------+--------+--------+-----+--------+

Top non-repeatable levels by time:
     D:2: 1070 daAuts
     D:1: 1015 daAuts
     D:3: 748 daAuts
     D:4: 263 daAuts
     D:5: 231 daAuts
